 Dungeon Sprint DCSS version 0.28.0-53-g5a82cb258f (webtiles) character file.

Game seed: 9244042263109279287

30886 Revguard the Tortoise (level 13, -3/112 HPs)
             Began as a Demonspawn Gladiator on Aug 4, 2022.
             Was the Champion of Kikubaaqudgha.
             Splashed by a caustic shrike's acid (6 damage)
             ... in the Dungeon (Sprint V: "Ziggurat Sprint").
             The game lasted 00:18:29 (2345 turns).

Revguard the Tortoise (Demonspawn Gladiator)        Turns: 2345, Time: 00:18:30

Health: -3/112     AC: 25    Str: 24    XL:     13   Next: 23%
Magic:  40/41      EV: 10    Int: 13    God:    Kikubaaqudgha [******]
Gold:   0          SH:  5    Dex: 16    Spells: 27/43 levels left

rFire   + + +      SeeInvis .   E - +7 great mace "Firestarter" {inner flame, rF++}
rCold   + . .      Faith    .   (shield currently unavailable)
rNeg    . . .      Spirit   .   D - +5 gold dragon scales
rPois   +          Reflect  +   b - +2 hood of the Assassin {Detection Stab+ Stlth++}
rElec   .          Harm     .   (no cloak)
rCorr   .          Rampage  .   (gloves unavailable)
Will    +....      NoTele   +   (no boots)
Stlth   ..........              n - amulet of reflection
HPRegen 0.28/turn               y - +6 ring of strength
MPRegen 0.27/turn               I - ring of Starshine {Will+ MP+9 Str+3}

@: corroded
A: claws 3, slimy green scales 1, demonic guardian 2, ignite blood 1
a: Renounce Religion, Receive Corpses, Torment, Brand Weapon With Pain, Receive
Forbidden Knowledge


You were in the Dungeon.
You worshipped Kikubaaqudgha.
Kikubaaqudgha was exalted by your worship.
You visited 1 branch

Inventory:

Hand Weapons
 E - the +7 great mace "Firestarter" (weapon) {inner flame, rF++}
   (You found it in the Dungeon)

   It burns those it strikes, dealing additional fire damage.
   It fills those it strikes with an explosive inner flame.
   It grants immunity to clouds of flame.
   rF:        It greatly protects you from fire.
Missiles
 d - 3 throwing nets (quivered)
Armour
 b - the +2 hood of the Assassin (worn) {Detection Stab+ Stlth++}
   (You found it in the Dungeon)

   It allows the wearer to sense nearby creatures.
   It allows the wearer to make particularly effective stabbing attacks against
   helpless or unaware enemies with any weapon.
   Stlth:     It makes you much more stealthy.
 D - +5 gold dragon scales (worn)
 K - a +2 pair of gloves of strength
Jewellery
 c - a ring of ice
 f - a ring of positive energy
 n - an amulet of reflection (around neck)
 t - a ring of flight
 u - a ring of see invisible
 y - a +6 ring of strength (left claw)
 I - the ring of Starshine (right claw) {Will+ MP+9 Str+3}
   (You found it in the Dungeon)

   [ring of willpower]

   Str:       It affects your strength (+3).
   MP:        It affects your magic capacity (+9).
   Will:      It increases your willpower.
Wands
 A - a wand of mindburst (7)
 B - a wand of iceblast (4)
 C - a wand of acid (6)
Scrolls
 j - 2 scrolls of blinking
 p - 3 scrolls of amnesia
 q - 7 scrolls of fog
 r - 5 scrolls of identify
 s - 2 scrolls of fear
 v - 4 scrolls of enchant weapon
Potions
 e - 8 potions of curing
 g - 6 potions of haste
 h - 7 potions of magic
 i - 3 potions of berserk rage
 k - 2 potions of brilliance
 l - 2 potions of invisibility
 m - 4 potions of resistance
 o - 8 potions of might
Miscellaneous
 a - a condenser vane (inert)
 w - a tin of tremorstones (1/2)


   Skills:
 + Level 13.9 Fighting
 + Level 12.8 Maces & Flails
 - Level 1.7 Throwing
 * Level 15.8 Armour
 + Level 12.9 Dodging
 * Level 15.7 Spellcasting
 + Level 14.8 Necromancy


You had 27 spell levels left.
You knew the following spells:

 Your Spells              Type           Power      Damage    Failure   Level
a - Dispel Undead         Necr           48%        3d18      3%          4
b - Animate Dead          Necr           24%        N/A       3%          4
c - Corpse Rot            Necr/Air       58%        N/A       12%         2
d - Death Channel         Necr           24%        N/A       50%         6

Your spell library contained the following spells:

 Spells                   Type           Power      Damage    Failure   Level
 Animate Skeleton         Necr           96%        N/A       1%          1
 Pain                     Necr           100%       1d9       1%          1
 Agony                    Necr           48%        N/A       11%         5
 Excruciating Wounds      Necr           24%        N/A       11%         5
 Sandblast                Erth           20%        2d7       86%         1
 Sting                    Tmut/Pois      40%        1d5       86%         1
 Passwall                 Tmut/Erth      8%         N/A       94%         2
 Poisonous Vapours        Pois/Air       20%        N/A       94%         2
 Ignite Poison            Fire/Tmut/Pois 10%        N/A       99%         3
 Mephitic Cloud           Conj/Pois/Air  10%        N/A       99%         3
 Stone Arrow              Conj/Erth      20%        3d8       99%         3
 Tukima's Dance           Hex            10%        N/A       99%         3
 Cause Fear               Hex            5%         N/A       100%        4
 Hailstorm                Conj/Ice       10%        3d5       100%        4
 Ice Form                 Ice/Tmut       10%        N/A       100%        4
 Olgreb's Toxic Radiance  Pois           10%        N/A       100%        4
 Passage of Golubria      Tloc           10%        N/A       100%        4
 Fireball                 Conj/Fire      5%         3d5       100%        5
 Freezing Cloud           Conj/Ice/Air   5%         6-21      100%        5
 Iskenderun's Battlesphe  Conj           10%        2d6       100%        5
 Yara's Violent Unravell  Hex/Tmut       5%         3d4       100%        5
 Conjure Ball Lightning   Conj/Air       5%         3x3d6     100%        6
 Simulacrum               Ice/Necr       14%        N/A       100%        6
 Starburst                Conj/Fire      5%         6d4       100%        6
 Dragon Form              Tmut           5%         N/A       100%        7
 Orb of Destruction       Conj           5%         9d5       100%        7
 Discord                  Hex            5%         N/A       100%        8
 Disjunction              Tloc           5%         N/A       100%        8
 Ignition                 Fire           5%         3d4       100%        8
 Dragon's Call            Summ           5%         N/A       100%        9


Dungeon Overview and Level Annotations

Branches:
Dungeon (1/1)

Altars:
Ashenzari
Cheibriados
Dithmenos
Elyvilon
Fedhas
Gozag
Hepliaklqana
Kikubaaqudgha
Makhleb
Nemelex Xobeh
Okawaru
Qazlal
Ru
Sif Muna
Trog
Uskayaw
Vehumet
Wu Jian
Xom
Yredelemnul
Zin
The Shining One
Beogh
Jiyva
Lugonu

Annotations:
D 1 transporter


Innate Abilities, Weirdness & Mutations

You have claws for hands.
You are partially covered in slimy green scales. (AC +2)
A demonic guardian rushes to your aid.
Your demonic aura sometimes causes spilled blood to erupt in flames.


Message History

Your hands twist into claws.
Your +2 pair of gloves of strength falls away!
You feel weaker.
You bludgeon the caustic shrike!! You burn the caustic shrike.
You kill the caustic shrike!
Kikubaaqudgha accepts your kill.
The ancient champion barely misses your ice devil.
The iron dragon is engulfed in acidic fog.
The iron dragon seems to be corroded for longer.
The iron dragon breathes metal splinters at you.
The spray of metal splinters hits you but does no damage.
The ancient champion hits your ice devil with a +2 great mace!!
Your ice devil closely misses the ancient champion.
The ancient champion hits something with a +2 great mace!
The iron dragon is engulfed in acidic fog.
The iron dragon seems to be corroded for longer.
Aiming: Iceblast
Press: ? - help, Shift-Dir - straight line, f - iron dragon
Aim: an iron dragon (acidic fog, almost dead, covered in acid)
The mass of ice explodes!
The iceblast engulfs the iron dragon!
The iron dragon partially resists.
You kill the iron dragon!
Kikubaaqudgha accepts your kill.
The iceblast engulfs the caustic shrike!
The caustic shrike partially resists.
The caustic shrike is almost dead.
Something hits your ice devil!!
Your ice devil dies!
Your ice devil disappears in a puff of smoke!
Clouds of noxious fumes condense around you!
The condenser dries out!
The caustic shrike is engulfed in noxious fumes. x2
Unknown command.
The tremorstone explodes into fragments!
The burst of rock shards engulfs the war gargoyle but does no damage.
The caustic shrike claws you!
* * * LOW HITPOINT WARNING * * *
A demonic guardian appears!
You are splashed with acid.
You die...
Kikubaaqudgha rasps: "You have failed me!
Welcome... death!"

▓...)==|))..▓...©.
▓.....°.....▓▓▓▓▓▓
▓......☼....▓...8©
▓..○)§§☼....▓.....
▓§§{9§§.z...▓...[)
▓§§▓§§...▓..▓.....
▓§▓§▓{..▓4▓ ▓.....
▓b†▓.)...▓..▓.....
▓@3...©...4.▓.....
▓▓▓▓▓▓▓▓▓▓▓▓▓.....
▓....8©8....▓....©
▓..|.})..[..▓▓▓▓▓▓
▓....).))...▓...8©
▓...........▓..[})
▓...........▓...)[
▓...........▓.....
▓.....)[....▓.....


You could see a caustic shrike (corroded, ally target), a war gargoyle and a
friendly sixfirhy (summoned, wandering).

Vanquished Creatures
  2 caustic shrikes (D)
  An ancient champion (D)
  An iron dragon (D)
  3 war gargoyles (D)
  A green draconian (D)
  A vampire knight (D)
  A hydra (D)
  2 dancing weapons (D)
  A spriggan berserker (D)
  A vampire mage (D)
  A wretched star (D)
  2 deep elf knights (D)
  A crystal echidna (D)
  A deep elf archer (D)
  3 deep elf zephyrmancers (D)
  2 necromancers (D)
  3 deep elf pyromancers (D)
  3 draconians (D)
  2 ugly things (D)
  An elephant (D)
  A guardian serpent (shapeshifter) (D)
  4 toenail golems (D)
  A naga mage (D)
  2 black mambas (D)
  A cane toad (D)
  A cane toad (shapeshifter) (D)
  A komodo dragon (D)
  A komodo dragon (shapeshifter) (D)
  A queen bee (shapeshifter) (D)
  A dream sheep (D)
  A blink frog (D)
  A jumping spider (D)
  A wyvern (D)
  A shadow (D)
  An air elemental (D)
  A yak (D)
  A golden eye (shapeshifter) (D)
  A naga (D)
  A naga (shapeshifter) (D)
  2 hell hounds (D)
  3 water moccasins (D)
  3 necrophages (D)
  3 small abominations (D)
  2 scorpions (D)
  2 crimson imps (D)
  2 quasits (D)
  An iron imp (D)
  An adder (D)
  A white imp (D)
  2 ufetubi (D)
  An adder skeleton (D)
  A ball python (D)
  A bat zombie (D)
  A ball python skeleton (D)
  2 ball python zombies (D)
  4 giant cockroach zombies (D)
  A quokka skeleton (D)
89 creatures vanquished.

Vanquished Creatures (collateral kills)
  A deep elf master archer (D)
  A deep elf annihilator (D)
  A dancing weapon (D)
  A wretched star (D)
  A deep elf archer (D)
  An adder zombie (D)
6 creatures vanquished.

Grand Total: 95 creatures vanquished

Notes
Turn   | Place    | Note
-------+----------+-------------------------------------------
     0 | D        | Revguard the Demonspawn Gladiator began the quest for the
                  | Orb.
     0 | D        | Reached XP level 1. HP: 16/16 MP: 1/1
     0 | D        | Found a shimmering blue altar of Sif Muna.
     0 | D        | Found a bloodstained altar of Trog.
     0 | D        | Found a sacrificial altar of Ru.
     0 | D        | Found a stormy altar of Qazlal.
     0 | D        | Found an iron altar of Okawaru.
     1 | D        | Found a sparkling altar of Nemelex Xobeh.
     1 | D        | Found a blossoming altar of Fedhas.
     1 | D        | Found the +6 Majin-Bo {vamp, MP+6 Int+6}
     1 | D        | Found the +9 heavy crossbow "Sniper" {vorpal, Acc+∞ SInv}
     1 | D        | Found the +10 dark maul {vorpal}
     1 | D        | Found the +15 Maxwell's patent armour {-Cast -Tele rElec
                  | Will+ rCorr}
     1 | D        | Found the +18 shield of the Gong {rElec rN+ Will+ EV-5}
     1 | D        | Found the +14 obsidian axe {vorpal, Mesm Drain Fly SInv}
     1 | D        | Found the +7 great mace "Firestarter" {inner flame, rF++}
     1 | D        | Found the +6 shillelagh "Devastator" {shatter}
     1 | D        | Found the +11 plutonium sword {Contam Stlth-}
     1 | D        | Found the +8 lance "Wyrmbane" {slay drac, rPois rF+ rC+
                  | AC+3}
     1 | D        | Found the +9 sword of Zonguldrok {reap}
     1 | D        | Found the +13 scythe of Curses {drain, Drain}
     1 | D        | Found the +5 sword of Power {vorpal}
     1 | D        | Found the +7 mace of Variability {chain chaos}
     1 | D        | Found the +7 Singing Sword {vorpal, sonic wave}
     1 | D        | Found the +8 storm bow {elec, penet}
     3 | D        | Found a transporter.
     3 | D        | Found an ancient bone altar of Kikubaaqudgha.
     3 | D        | Found a viscous altar of Jiyva.
     3 | D        | Found a corrupted altar of Lugonu.
     3 | D        | Found a hazy altar of Hepliaklqana.
     3 | D        | Found a burning altar of Makhleb.
     3 | D        | Found an opulent altar of Gozag.
    30 | D        | Became a worshipper of Kikubaaqudgha
    48 | D        | Banished a spatial maelstrom
    70 | D        | Gained mutation: A weak demonic guardian rushes to your
                  | aid. [demonic ancestry]
    70 | D        | Reached XP level 2. HP: 24/24 MP: 1/6
   120 | D        | Entered arena 2.
   120 | D        | Noticed a necrophage
   120 | D        | Found a transporter.
   126 | D        | Killed a necrophage
   127 | D        | Gained mutation: Your demonic aura sometimes causes spilled
                  | blood to erupt in flames. [demonic ancestry]
   127 | D        | Reached XP level 3. HP: 20/30 MP: 6/8
   127 | D        | Reached XP level 4. HP: 25/37 MP: 7/10
   227 | D        | Entered arena 3.
   227 | D        | Noticed a scorpion
   227 | D        | Noticed a jumping spider
   227 | D        | Noticed a scorpion
   227 | D        | Found a transporter.
   229 | D        | Killed a jumping spider
   229 | D        | Reached * piety under Kikubaaqudgha
   229 | D        | Received a gift from Kikubaaqudgha
   230 | D        | Reached skill level 5 in Fighting
   230 | D        | Reached skill level 5 in Maces & Flails
   230 | D        | Reached skill level 5 in Armour
   230 | D        | Reached skill level 5 in Dodging
   230 | D        | Reached skill level 5 in Spellcasting
   230 | D        | Reached skill level 5 in Necromancy
   230 | D        | Gained mutation: You have sharp fingernails. [demonic
                  | ancestry]
   230 | D        | Reached XP level 5. HP: 44/44 MP: 10/12
   232 | D        | Reached XP level 6. HP: 39/52 MP: 10/14
   308 | D        | Entered arena 4.
   308 | D        | Noticed a draconian
   308 | D        | Noticed a draconian
   308 | D        | Noticed a draconian
   308 | D        | Noticed a green draconian
   308 | D        | Found a transporter.
   313 | D        | HP: 1/52 [green draconian/+0 war axe (4)]
   322 | D        | Killed a green draconian
   322 | D        | Reached ** piety under Kikubaaqudgha
   323 | D        | Gained mutation: You are partially covered in slimy green
                  | scales. (AC +2) [demonic ancestry]
   323 | D        | Reached XP level 7. HP: 8/60 MP: 15/17
   323 | D        | Reached XP level 8. HP: 9/67 MP: 15/18
   326 | D        | Killed a draconian
   328 | D        | Killed a draconian
   330 | D        | Killed a draconian
   331 | D        | Gained mutation: You have very sharp fingernails. [demonic
                  | ancestry]
   331 | D        | Reached XP level 9. HP: 38/75 MP: 16/21
   499 | D        | Entered arena 5.
   499 | D        | Noticed a toenail golem
   499 | D        | Noticed a toenail golem
   499 | D        | Noticed a toenail golem
   499 | D        | Noticed a toenail golem
   499 | D        | Found a transporter.
   506 | D        | Killed a toenail golem
   506 | D        | Reached *** piety under Kikubaaqudgha
   506 | D        | Received a gift from Kikubaaqudgha
   510 | D        | Killed a toenail golem
   513 | D        | Killed a toenail golem
   514 | D        | Reached skill level 10 in Necromancy
   515 | D        | Killed a toenail golem
   515 | D        | Reached **** piety under Kikubaaqudgha
   522 | D        | Learned a level 4 spell: Dispel Undead
   529 | D        | Learned a level 6 spell: Death Channel
   532 | D        | Learned a level 2 spell: Corpse Rot
   670 | D        | Entered arena 6.
   670 | D        | Found the necklace of Bloodlust {*Rage Will++ Int-3 Slay+6}
   670 | D        | Found a transporter.
   680 | D        | Reached ***** piety under Kikubaaqudgha
   686 | D        | Got the amulet "Ejycw" {Spirit Stlth+}
   701 | D        | Learned a level 1 spell: Animate Skeleton
   701 | D        | Entered arena 7.
   701 | D        | Found the +2 hood of the Assassin {Detection Stab+ Stlth++}
   701 | D        | Noticed a deep elf pyromancer
   701 | D        | Noticed a deep elf zephyrmancer
   701 | D        | Noticed a deep elf pyromancer
   701 | D        | Noticed a +1 vampiric trident
   701 | D        | Noticed a +1 vorpal war axe
   701 | D        | Noticed a deep elf zephyrmancer
   702 | D        | Found a transporter.
   708 | D        | Killed a +1 vorpal war axe
   709 | D        | Reached skill level 10 in Fighting
   709 | D        | Reached XP level 10. HP: 47/85 MP: 13/23
   710 | D        | Killed a deep elf zephyrmancer
   713 | D        | Killed a deep elf pyromancer
   714 | D        | Reached skill level 10 in Armour
   717 | D        | Killed a deep elf pyromancer
   718 | D        | Reached skill level 10 in Spellcasting
   726 | D        | Killed a +1 vampiric trident
   727 | D        | Killed a deep elf zephyrmancer
   920 | D        | Learned a level 4 spell: Animate Dead
   921 | D        | Entered arena 8.
   921 | D        | Noticed a wretched star
   921 | D        | Noticed a wretched star
   922 | D        | Found a transporter.
   927 | D        | Reached skill level 10 in Dodging
   931 | D        | Killed a wretched star
   932 | D        | Reached skill level 10 in Maces & Flails
   933 | D        | Killed a wretched star
   933 | D        | Reached ****** piety under Kikubaaqudgha
   934 | D        | Gained mutation: A demonic guardian rushes to your aid.
                  | [demonic ancestry]
   934 | D        | Reached XP level 11. HP: 32/93 MP: 2/26
  1179 | D        | Entered arena 9.
  1180 | D        | Found a transporter.
  1436 | D        | Entered arena 10.
  1436 | D        | Found the +3 Mad Mage's Maulers {Infuse+∞ RegenMP Int-3}
  1436 | D        | Noticed a red ugly thing
  1436 | D        | Noticed a red ugly thing
  1439 | D        | Found a transporter.
  1443 | D        | Killed a green ugly thing
  1445 | D        | Killed a green ugly thing
  1609 | D        | Entered arena 11.
  1610 | D        | Found a transporter.
  1632 | D        | Got the ring of Starshine {Will+ MP+9 Str+3}
  1634 | D        | Got the ring of Qazlal's Respect {rF- rN+ Will+ rCorr}
  1775 | D        | Entered arena 12.
  1775 | D        | Noticed a +3 vorpal war axe
  1775 | D        | Noticed a deep elf knight
  1775 | D        | Noticed a deep elf archer
  1775 | D        | Noticed a deep elf annihilator
  1775 | D        | Noticed a deep elf zephyrmancer
  1776 | D        | Noticed a deep elf master archer
  1776 | D        | Noticed a deep elf pyromancer
  1776 | D        | Noticed a deep elf archer
  1776 | D        | Noticed a deep elf knight
  1776 | D        | Paralysed by an air elemental for 1 turns
  1777 | D        | Found a transporter.
  1780 | D        | Killed a +3 vorpal war axe
  1783 | D        | Killed a deep elf annihilator
  1783 | D        | Killed a deep elf archer
  1785 | D        | Killed a deep elf pyromancer
  1785 | D        | Killed a deep elf zephyrmancer
  1786 | D        | Killed a deep elf knight
  1787 | D        | Killed a deep elf archer
  1787 | D        | Killed a deep elf master archer
  1787 | D        | Killed a deep elf knight
  1788 | D        | Reached XP level 12. HP: 53/103 MP: 21/29
  1973 | D        | Entered arena 13.
  1974 | D        | Noticed a five-headed hydra
  1975 | D        | Found a transporter.
  1980 | D        | Killed a five-headed hydra
  2113 | D        | Entered arena 14.
  2115 | D        | Noticed a vampire knight
  2115 | D        | Noticed a vampire mage
  2115 | D        | Found the +10 zealot's sword {holy, *Rage rN+ EV+3}
  2117 | D        | Found a transporter.
  2123 | D        | Killed a vampire knight
  2126 | D        | Killed a vampire mage
  2330 | D        | Entered arena 15.
  2331 | D        | Noticed a caustic shrike
  2331 | D        | Noticed an ancient champion
  2331 | D        | Noticed a war gargoyle
  2331 | D        | Noticed an ancient champion
  2331 | D        | Noticed a caustic shrike
  2331 | D        | Noticed an iron dragon
  2331 | D        | Noticed a caustic shrike
  2331 | D        | Noticed a war gargoyle
  2331 | D        | Noticed a war gargoyle
  2331 | D        | Noticed an ancient champion
  2331 | D        | Noticed a war gargoyle
  2332 | D        | Noticed an ancient champion
  2337 | D        | Found a transporter.
  2337 | D        | Killed a war gargoyle
  2339 | D        | Killed a caustic shrike
  2339 | D        | Killed a war gargoyle
  2339 | D        | Killed a war gargoyle
  2340 | D        | Reached skill level 15 in Armour
  2340 | D        | Reached skill level 15 in Spellcasting
  2340 | D        | Killed an ancient champion
  2341 | D        | Gained mutation: You have claws for hands. [demonic
                  | ancestry]
  2341 | D        | Reached XP level 13. HP: 14/112 MP: 32/32
  2341 | D        | Killed a caustic shrike
  2343 | D        | Killed an iron dragon
  2345 | D        | HP: 3/112 [caustic shrike (13)]
  2345 | D        | Splashed by a caustic shrike's acid

Illustrated notes

Levels and vault maps discovered:
D:        sprint_v [room_start, room_1, room_2, room_3, room_4, room_5, room_6,
          room_7, room_8, room_9, room_10, room_11, room_12, room_13, room_14,
          room_15, room_16, room_17, room_18, room_19, room_20, room_21,
          room_22, room_23, room_24, room_25, room_26, room_27]

Skill      XL: |  1  2  3  4  5  6  7  8  9 10 11 12 |
---------------+-------------------------------------+-----
Fighting       | 3 4 5 6 7 8 10 11 12 13 | 13.9
Maces & Flails | 3 4 5 7 8 9 10 11 12 | 12.8
Armour         | 3 4 5 7 8 9 11 13 15 | 15.8
Dodging        | 3 4 5 7 8 9 10 11 12 | 12.9
Spellcasting   | 3 4 5 6 8 9 11 13 15 | 15.7
Necromancy     | 2 3 5 7 9 10 11 13 14 | 14.8
Throwing       | |  1.7

Action                   |  1- 3 |  4- 6 |  7- 9 | 10-12 | 13-15 || total
-------------------------+-------+-------+-------+-------+-------++-------
Melee: Great mace        |     5 |    11 |    31 |    86 |     1 ||   134
 Cast: Animate Dead      |       |       |       |     3 |       ||     3
       Corpse Rot        |       |       |       |     3 |       ||     3
Invok: Torment           |       |       |       |     1 |       ||     1
Evoke: Wand              |       |     1 |       |     2 |     1 ||     4
       Condenser vane    |       |       |     1 |     4 |     1 ||     6
       Tin of tremorston |       |       |       |       |     1 ||     1
  Use: Potion            |     1 |     4 |     2 |     6 |       ||    13
       Scroll            |       |       |       |     3 |       ||     3
 Stab: Confused          |       |       |       |     5 |       ||     5
Armor: Gold dragon scale |     4 |    33 |    64 |   146 |     1 ||   248
Dodge: Dodged            |     1 |    19 |    26 |    88 |       ||   134
Block: Other             |       |       |       |     6 |       ||     6
       Reflection        |       |       |       |     1 |       ||     1
